Unix NetHack Version 5.0.0-0 post-release - last build May 17 2026 04:57:42 (dc50c8380fa5e20985bfe3072449f57b8d9895ef,branch:main).

Game began 2026-05-18 08:46:55, ended 2026-05-18 10:01:01.

ArrBianca, neutral female human Valkyrie

                                                                        ---
                                                                        -..
                                                                        ...
                                                                    ----...
                                                                  ---....G-.
                                                             ------...--..@.
                                                        ..----..-|..--| -.|.
                                                       ..).).....|.-..| ---
                                                       ..%.---.....%..|
                                                       |...|..........|
                                                       ---.[......*.--
                                                         --).....).--
                                                          --......--

ArrBianca the Fighter       St:18/01 Dx:13 Co:18 In:10 Wi:9 Ch:8  Neutral
Dlvl:11 $:851 HP:0(87) Pw:19(19) AC:10 Xp:8 T:5542 

Latest messages:
 You are covered in slime!  It burns!
 You hit the ochre jelly.
 You hit the ochre jelly.
 You are splashed!
 You hit the ochre jelly.
 You are splashed!
 You hit the ochre jelly.
 You hit the ochre jelly.
 You kill the ochre jelly!
 You suddenly yearn for your distant homeland.
 It bites!
 You kill it!
 You can see again.
 You kill the gnome!
 Really step onto that magic trap? [yn] (n) n
 You see here 2 yellow gems.
 The gnome hits!
 You kill the gnome!
 You turn into a werewolf!
 You find you must drop your dagger!
 Use the command #monster to summon help.
 g - a +0 elven dagger.
 You have a little trouble lifting a white spellbook.  Continue? [ynq] (q) y
 You have a little trouble lifting v - a white spellbook.
 Your movements are slowed slightly because of your load.
 What do you want to read? [eilvFS or ?*] v
 The book was coated with contact poison!
 You can hear again.
 You are hit by an aklys!
 The aklys returns to its hand!
 The gnome king swings his aklys.
 The gnome king hits!
 The gnome king swings his aklys.
 The gnome king hits!
 The gnome king swings his aklys.
 The gnome king hits!
 You return to human form!
 Your movements are now unencumbered.
 The gnome king swings his aklys.
 The gnome king hits!
 The gnome king swings his aklys.
 The gnome king hits!
 The gnome king swings his aklys.
 The gnome king hits!
 The gnome king swings his aklys.
 The gnome king hits!
 You die...
 Do you want an account of creatures vanquished? [ynaq] (y) n
 Do you want to see your conduct and achievements? [ynq] (y) y
 Do you want to see the dungeon overview? [ynq] (y) y

Inventory:
 Coins    ('$')
  $ - 851 gold pieces
 Amulets  ('"')
  C - an uncursed amulet of magical breathing (being worn)
 Weapons  (')')
  b - a +0 dagger (alternate weapon; not wielded)
  g - a +0 elven dagger
  p - a +0 orcish dagger
 Comestibles  ('%')
  d - 4 uncursed food rations
 Scrolls  ('?')
  i - 3 uncursed scrolls of blank paper
  l - an uncursed scroll of identify
  e - an uncursed scroll of remove curse
  F - an uncursed scroll of stinking cloud
  S - an uncursed scroll of teleportation
 Spellbooks  ('+')
  v - an uncursed spellbook of turn undead
 Potions  ('!')
  k - an uncursed potion of monster detection
  a - an uncursed potion of water
 Rings    ('=')
  W - an uncursed ring of searching (on left hand)
 Wands    ('/')
  q - a wand of digging (0:3)
  j - a wand of striking (0:2)
  c - a wand of striking (0:1)
  s - a wand of striking (0:1)
 Tools    ('(')
  t - an expensive camera (0:89)
  o - an uncursed lock pick
  r - an uncursed oil lamp

ArrBianca the Valkyrie's attributes:

Background:
 You were a Fighter, a level 8 human Valkyrie.
 You were neutral, on a mission for Odin
 who was opposed by Tyr (lawful) and Loki (chaotic).
 You were right-handed.
 You were in the Gnomish Mines, on level 11.
 You entered the dungeon 5542 turns ago.
 There was a new moon in effect when your adventure ended.
 You had 2220 experience points, 340 more were needed to attain level 9.

Basics:
 You had 0 out of 87 hit points.
 You had all 19 energy points (spell power).
 Your armor class was 10.
 Your wallet contained 851 zorkmids.
 Autopickup was on for '$?!/="+%' plus thrown, with exceptions.

Final Characteristics:
 Your strength was 18/01 (limit:18/100).
 Your dexterity was 13 (limit:18).
 Your constitution was 18 (limit:18).
 Your intelligence was 10 (limit:18).
 Your wisdom was 9 (peak:10, limit:18).
 Your charisma was 8 (limit:18).

Final Status:
 You weren't hungry.
 You were unencumbered.
 You were bare handed.
 You were unskilled in bare handed combat.
 You weren't wearing any armor.

Final Attributes:
 You were piously aligned.
 You were cold resistant.
 You were poison resistant.
 You were level-drain resistant.
 You had automatic searching.
 You were stealthy.
 You could survive without air.
 You were a werewolf.
 You were harmed by silver.
 You were fast.
 Odin was angry with you.
 You are dead.

Miscellaneous:
 You encountered 1 bones level.
 Total elapsed playing time was 1 hour, 9 minutes and 38 seconds.

Major events:
 Turn
    1: ArrBianca the neutral human Valkyrie entered the dungeon
  867: attained the rank of Skirmisher (level 3)
 1502: entered the Gnomish Mines
 2062: attained the rank of Fighter (level 6)
 4860: reached Mine Town
 5542: killed by a gnome king, while reading a book

Spells:
 Name                 Level Category     Fail Retention
 sleep                  3   enchantment  100%  76%-100%
 cause fear             3   enchantment  100%  76%-100%

Skills:
 Fighting Skills
   bare handed combat [Unskilled]
   two weapon combat  [Unskilled]
   riding             [Unskilled]
 Weapon Skills
   dagger             [Basic]
   axe                [Skilled]
   pick-axe           [Unskilled]
   short sword        [Unskilled]
   broadsword         [Unskilled]
   long sword         [Unskilled]
   two-handed sword   [Unskilled]
   saber              [Unskilled]
   hammer             [Unskilled]
   quarterstaff       [Unskilled]
   polearms           [Unskilled]
   spear              [Basic]
   trident            [Unskilled]
   lance              [Unskilled]
   sling              [Unskilled]
 Spellcasting Skills
   attack spells      [Unskilled]
   escape spells      [Unskilled]

Voluntary challenges:
 Character rerolling was not enabled.
 You never genocided any monsters.
 You never polymorphed an object.
 You used no wishes.
Achievements:
 You attained the rank of Skirmisher.
 You entered the Gnomish Mines.
 You attained the rank of Fighter.
 You entered Minetown.
 You entered a shop.
 You entered a temple.

 The Dungeons of Doom: levels 1 to 6
    Level 1:
       A fountain.
    Level 2:
    Level 3:
       A fountain, a grave.
    Level 4: "stash"
       An altar, a fountain.
       Stairs down to The Gnomish Mines.
    Level 5:
       A throne.
    Level 6:
       A fountain.
 The Gnomish Mines: levels 5 to 11
    Level 5:
    Level 6:
    Level 7:
       Many shops, a temple and an altar, some fountains.
    Level 8:
    Level 9:
    Level 10:
       A grave.
       Final resting place for
          Brudee-Mon-Hum-Fem-Cha, killed by a gnome.
    Level 11: <- You were here.
       Final resting place for
          you, killed by a gnome king, while reading a book.


Vanquished creatures:
  a small mimic
  a dwarf ruler
  a tengu
 an ochre jelly
  a giant beetle
  a quivering blob
  a rust monster
  a werewolf
  a dingo
  2 dust vortices
  2 snakes
  a rope golem
  2 Woodland-elves
 12 bugbears
  2 imps
 11 Mordor orcs
  7 Uruk-hai
  2 rock piercers
  8 gnome leaders
  5 gnomish wizards
  2 kobold mummies
  3 gray oozes
 an elf zombie
  a paper golem
  2 giant ants
  a little dog
  a kitten
  9 dwarves
  2 homunculi
  a kobold shaman
  2 rothes
  a rabid rat
  2 giant bats
 an orc zombie
  3 iguanas
  2 hobbits
  7 hobgoblins
  a brown mold
  2 green molds
 35 gnomes
  3 geckos
  8 jackals
  3 goblins
  a sewer rat
 12 grid bugs
  7 lichens
  3 kobold zombies
  4 newts
183 creatures vanquished.

No species were genocided or became extinct.

Game over:
                       ----------
                      /          \
                     /    REST    \
                    /      IN      \
                   /     PEACE      \
                  /                  \
                  |    ArrBianca     |
                  |      851 Au      |
                  |   killed by a    |
                  |    gnome king    |
                  |                  |
                  |                  |
                  |       2026       |
                 *|     *  *  *      | *
        _________)/\\_//(\/(/\)/\//\/|_)_______

Farvel ArrBianca the Valkyrie...

You died in The Gnomish Mines on dungeon level 11 with 10242 points,
and 851 pieces of gold, after 5542 moves.
You were level 8 with a maximum of 87 hit points when you died.

